Avalanche vs Canucks

Created - September 15 2007 at 12:23

Simulating a Pre-Season

Goals
1 2 3 T
Avalanche 2 2 0 4
Canucks 4 2 1 7
Shots
1 2 3 T
Avalanche 11 20 6 37
Canucks 11 13 9 33

Period #1

1. Avalanche , Martin Rucinsky 2 (Brett Mclean, Joffrey Lupul) at 3:40
2. Canucks , Richard Park 1 (Anders Eriksson, Brad Richardson) at 6:51
3. Canucks , Jon Sim 1 (Pierre-Marc Bouchard) at 7:19
4. Canucks , Jon Sim 2 (Radek Bonk, Sergei Fedorov) at 14:29
5. Canucks , Tomas Plekanec 2 (Alexei Kovalev) at 14:37
6. Avalanche , Derek Armstrong 3 (Brandon Bochenski, Gary Roberts) at 16:19 (PP)

Penalities :
Jaroslav Spacek (COL) for Tripping (Minor) at 0:22, Kevin Bieksa (VAN) for Fighting (Major) at 8:48, Martin Rucinsky (COL) for Fighting (Major) at 8:48, Kevin Bieksa (VAN) for Fighting (Major) at 14:49, Keith Tkachuk (COL) for Fighting (Major) at 14:49, Sergei Fedorov (VAN) for Tripping (Minor) at 15:01

Period #2

7. Avalanche , Gary Roberts 2 (Keith Ballard, Brandon Bochenski) at 14:42
8. Canucks , Sergei Fedorov 2 (Steve Rucchin, Pierre-Marc Bouchard) at 15:40 (PP)
9. Canucks , Sergei Fedorov 3 (Pierre-Marc Bouchard, Steve Rucchin) at 18:28 (PP)
10. Avalanche , Keith Tkachuk 2 (Patrick O'Sullivan, Alexei Zhitnik) at 19:14

Penalities :
Keith Tkachuk (COL) for Hooking (Minor) at 0:11, Keith Ballard (COL) for Boarding (Minor) at 1:44, Derek Armstrong (COL) for Hooking (Minor) at 5:03, Ossi Vaananen (COL) for Hooking (Minor) at 14:46, Keith Tkachuk (COL) for Roughing (Minor) at 17:58

Period #3

11. Canucks , Sergei Fedorov 4 (Steve Rucchin, Pierre-Marc Bouchard) at 6:16 (PP)

Penalities :
Evgeni Nabokov (VAN) for Slashing (Minor) at 0:40 - Taylor Pyatt served the penalty., Martin Rucinsky (COL) for Roughing (Double Minor) at 4:52, Keith Tkachuk (COL) for Roughing (Minor) at 9:44, Alexei Kovalev (VAN) for Holding (Minor) at 10:50, Martin Skoula (VAN) for Tripping (Minor) at 12:09, Jaroslav Spacek (COL) for Hooking (Minor) at 16:50, Willie Mitchell (VAN) for Hooking (Minor) at 19:06

Goalie Stats

Jaroslav Halak (COL), 18 saves from 24 shots - (0.750), L, 0-2-0, 38:28 minutes
Martin Biron (COL), 8 saves from 9 shots - (0.889), 21:32 minutes
Evgeni Nabokov (VAN), 33 saves from 37 shots - (0.892), W, 2-2-0, 60:00 minutes

Players Stats

Avalanche
Player Name              G  A  P  +/- PIM S  H  SB FO MP 
-----------------------------------------------------------
Alexei Zhitnik           0  1  1   0  0   1  0  1  0  25 
Brandon Bochenski        0  2  2  -1  0   5  2  0  2  16 
Brett Lebda              0  0  0   1  0   0  0  0  0  9  
Brett Mclean             0  1  1   0  0   4  2  0  21 14 
Derek Armstrong          1  0  1  -1  2   3  4  0  18 16 
Dustin Penner            0  0  0  -1  0   1  3  0  1  14 
Gary Roberts             1  1  2  -1  0   6  4  0  12 24 
Jaroslav Spacek          0  0  0  -1  4   0  1  0  0  17 
Jeff Taffe               0  0  0   1  0   2  0  0  1  8  
Joffrey Lupul            0  1  1   0  0   4  2  0  0  13 
Karlis Skrastins         0  0  0   0  0   2  0  0  0  17 
Keith Ballard            0  1  1  -1  2   0  1  1  0  23 
Keith Tkachuk            1  0  1   0  11  4  2  0  21 21 
Ken Klee                 0  0  0  -1  0   0  1  3  0  24 
Martin Rucinsky          1  0  1   0  9   2  0  1  2  17 
Ossi Vaananen            0  0  0   0  2   1  0  1  0  13 
Patrick O'Sullivan       0  1  1   1  0   0  1  0  1  8  
Vyacheslav Kozlov        0  0  0  -1  0   2  2  0  16 22 
Canucks
Player Name              G  A  P  +/- PIM S  H  SB FO MP 
-----------------------------------------------------------
Alexei Kovalev           0  1  1   1  2   2  5  1  2  21 
Anders Eriksson          0  1  1  -1  0   0  3  4  0  20 
Brad Richardson          0  1  1   1  0   1  1  2  1  11 
Brent Burns              0  0  0   1  0   1  0  3  0  25 
Jason Williams           0  0  0   0  0   0  0  0  2  2  
Jon Sim                  2  0  2   1  0   3  1  0  2  14 
Kevin Bieksa             0  0  0   1  10  1  0  2  0  21 
Martin Skoula            0  0  0   0  2   0  0  1  0  20 
Nik Antropov             0  0  0   1  0   3  1  1  1  21 
Petr Kalus               0  0  0   1  0   1  0  0  1  14 
Pierre-Marc Bouchard     0  4  4  -1  0   3  0  0  4  15 
Radek Bonk               0  1  1  -2  0   2  1  1  28 22 
Richard Park             1  0  1   1  0   2  0  1  1  11 
Sergei Fedorov           3  1  4   0  2   7  2  2  0  24 
Steve Rucchin            0  3  3   1  0   1  0  1  25 18 
Taylor Pyatt             0  0  0  -2  0   1  1  0  0  15 
Tomas Plekanec           1  0  1   1  0   5  1  0  28 21 
Willie Mitchell          0  0  0   1  2   0  1  1  0  16 

3 Stars

1 - Sergei Fedorov (VAN)
2 - Jon Sim (VAN)
3 - Steve Rucchin (VAN)

Power Play

Avalanche - 1 on 5 Attempt(s) - 20.00%
Canucks - 3 on 9 Attempt(s) - 33.33%

Penalty Kill

Avalanche - 6 on 9 Attempt(s) - 66.67% - Score 0 goal in Penalty Kill
Canucks - 4 on 5 Attempt(s) - 80.00% - Score 0 goal in Penalty Kill

Game Notes

Kevin Bieksa beats up Martin Rucinsky at 8:48 of 1st period
Kevin Bieksa and Keith Tkachuk fight to a draw at 14:49 of 1st period
Martin Biron enters game at 18:28 of 2nd period
Sergei Fedorov has scored a Hat Trick!

Play by Play

Period #1

0:01 of 1st period - Keith Tkachuk wins face-off versus Tomas Plekanec in neutral zone.
0:04 of 1st period - Tomas Plekanec is hit by Jaroslav Spacek and loses puck.
0:22 of 1st period - Minor Penalty to Jaroslav Spacek for Tripping.
0:23 of 1st period - Steve Rucchin wins face-off versus Gary Roberts in Avalanche zone.
2:48 of 1st period - Shot by Keith Tkachuk.
2:48 of 1st period - Shot Blocked by Willie Mitchell.
2:52 of 1st period - Shot by Keith Tkachuk.
2:52 of 1st period - Shot Misses the Net.
2:59 of 1st period - Icing by Martin Skoula.
3:00 of 1st period - Radek Bonk wins face-off versus Brett Mclean in Canucks zone.
3:00 of 1st period - Radek Bonk is hit by Joffrey Lupul.
3:14 of 1st period - Shot by Joffrey Lupul.
3:14 of 1st period - Stopped by Evgeni Nabokov without a rebound.
3:15 of 1st period - Tomas Plekanec wins face-off versus Derek Armstrong in Canucks zone.
3:30 of 1st period - Shot by Tomas Plekanec.
3:30 of 1st period - Stopped by Jaroslav Halak without a rebound.
3:31 of 1st period - Brett Mclean wins face-off versus Radek Bonk in Avalanche zone.
3:40 of 1st period - Shot by Martin Rucinsky.
3:40 of 1st period - Goal by Martin Rucinsky - Avalanche : 1 - Canucks : 0.
3:41 of 1st period - Steve Rucchin wins face-off versus Derek Armstrong in neutral zone.
3:54 of 1st period - Shot by Kevin Bieksa.
3:54 of 1st period - Stopped by Jaroslav Halak without a rebound.
3:55 of 1st period - Brett Mclean wins face-off versus Tomas Plekanec in Avalanche zone.
4:06 of 1st period - Shot by Brett Mclean.
4:06 of 1st period - Stopped by Evgeni Nabokov without a rebound.
4:07 of 1st period - Keith Tkachuk wins face-off versus Radek Bonk in Canucks zone.
4:15 of 1st period - Keith Tkachuk is hit by Anders Eriksson and loses puck.
4:40 of 1st period - Shot by Pierre-Marc Bouchard.
4:40 of 1st period - Shot Misses the Net.
6:08 of 1st period - Radek Bonk is hit by Derek Armstrong and loses puck.
6:51 of 1st period - Shot by Richard Park.
6:51 of 1st period - Goal by Richard Park - Avalanche : 1 - Canucks : 1.
6:52 of 1st period - Brett Mclean wins face-off versus Alexei Kovalev in neutral zone.
6:55 of 1st period - Shot by Joffrey Lupul.
6:55 of 1st period - Shot Blocked by Kevin Bieksa.
7:03 of 1st period - Shot by Tomas Plekanec.
7:03 of 1st period - Stopped by Jaroslav Halak with a rebound.
7:05 of 1st period - Shot by Tomas Plekanec.
7:05 of 1st period - Shot Blocked by Ossi Vaananen.
7:09 of 1st period - Shot by Nik Antropov.
7:09 of 1st period - Stopped by Jaroslav Halak without a rebound.
7:10 of 1st period - Pierre-Marc Bouchard wins face-off versus Keith Tkachuk in Avalanche zone.
7:19 of 1st period - Shot by Jon Sim.
7:19 of 1st period - Goal by Jon Sim - Avalanche : 1 - Canucks : 2.
7:20 of 1st period - Steve Rucchin wins face-off versus Brett Mclean in neutral zone.
7:48 of 1st period - Shot by Martin Rucinsky.
7:48 of 1st period - Deflect By Brett Mclean.
7:48 of 1st period - Stopped by Evgeni Nabokov without a rebound.
7:49 of 1st period - Radek Bonk wins face-off versus Keith Tkachuk in Canucks zone.
7:49 of 1st period - Jon Sim is hit by Vyacheslav Kozlov and loses puck.
7:56 of 1st period - Shot by Keith Tkachuk.
7:56 of 1st period - Stopped by Evgeni Nabokov without a rebound.
7:57 of 1st period - Radek Bonk wins face-off versus Keith Tkachuk in Canucks zone.
8:39 of 1st period - Off-side.
8:40 of 1st period - Brett Mclean wins face-off versus Tomas Plekanec in neutral zone.
8:48 of 1st period - Kevin Bieksa beats up Martin Rucinsky.
8:48 of 1st period - Penalty to Kevin Bieksa for Fighting.
8:48 of 1st period - Penalty to Martin Rucinsky for Fighting.
8:49 of 1st period - Vyacheslav Kozlov wins face-off versus Richard Park in Canucks zone.
8:59 of 1st period - Off-side.
9:00 of 1st period - Brett Mclean wins face-off versus Nik Antropov in neutral zone.
9:33 of 1st period - Shot by Alexei Kovalev.
9:33 of 1st period - Stopped by Jaroslav Halak with a rebound.
10:17 of 1st period - Icing by Willie Mitchell.
10:18 of 1st period - Radek Bonk wins face-off versus Derek Armstrong in Canucks zone.
10:50 of 1st period - Shot by Gary Roberts.
10:50 of 1st period - Shot Misses the Net.
10:52 of 1st period - Shot by Brandon Bochenski.
10:52 of 1st period - Shot Misses the Net.
10:54 of 1st period - Shot by Derek Armstrong.
10:54 of 1st period - Deflect By Gary Roberts.
10:54 of 1st period - Shot Blocked by Radek Bonk.
10:56 of 1st period - Shot by Derek Armstrong.
10:56 of 1st period - Stopped by Evgeni Nabokov without a rebound.
10:57 of 1st period - Steve Rucchin wins face-off versus Keith Tkachuk in Canucks zone.
11:06 of 1st period - Shot by Brad Richardson.
11:06 of 1st period - Stopped by Jaroslav Halak without a rebound.
11:07 of 1st period - Tomas Plekanec wins face-off versus Keith Tkachuk in Avalanche zone.
11:30 of 1st period - Shot by Keith Tkachuk.
11:30 of 1st period - Shot Misses the Net.
11:38 of 1st period - Shot by Tomas Plekanec.
11:38 of 1st period - Shot Misses the Net.
12:01 of 1st period - Shot by Steve Rucchin.
12:01 of 1st period - Shot Misses the Net.
12:03 of 1st period - Shot by Richard Park.
12:03 of 1st period - Stopped by Jaroslav Halak without a rebound.
12:04 of 1st period - Steve Rucchin wins face-off versus Derek Armstrong in Avalanche zone.
12:26 of 1st period - Derek Armstrong is hit by Brad Richardson and loses puck.
12:40 of 1st period - Icing by Anders Eriksson.
12:41 of 1st period - Brett Mclean wins face-off versus Steve Rucchin in Canucks zone.
12:56 of 1st period - Shot by Brett Mclean.
12:56 of 1st period - Shot Misses the Net.
13:00 of 1st period - Shot by Joffrey Lupul.
13:00 of 1st period - Shot Misses the Net.
13:02 of 1st period - Shot by Joffrey Lupul.
13:02 of 1st period - Shot Misses the Net.
13:24 of 1st period - Shot by Joffrey Lupul.
13:24 of 1st period - Stopped by Evgeni Nabokov without a rebound.
13:25 of 1st period - Tomas Plekanec wins face-off versus Derek Armstrong in Canucks zone.
13:25 of 1st period - Tomas Plekanec is hit by Gary Roberts.
13:35 of 1st period - Shot by Brandon Bochenski.
13:35 of 1st period - Stopped by Evgeni Nabokov without a rebound.
13:36 of 1st period - Keith Tkachuk wins face-off versus Tomas Plekanec in Canucks zone.
13:36 of 1st period - Keith Tkachuk is hit by Alexei Kovalev.
13:56 of 1st period - Shot by Keith Tkachuk.
13:56 of 1st period - Stopped by Evgeni Nabokov without a rebound.
13:57 of 1st period - Radek Bonk wins face-off versus Derek Armstrong in Canucks zone.
13:57 of 1st period - Radek Bonk is hit by Gary Roberts.
14:22 of 1st period - Radek Bonk is hit by Keith Ballard and loses puck.
14:27 of 1st period - Shot by Jon Sim.
14:27 of 1st period - Shot Blocked by Ken Klee.
14:29 of 1st period - Shot by Jon Sim.
14:29 of 1st period - Goal by Jon Sim - Avalanche : 1 - Canucks : 3.
14:30 of 1st period - Tomas Plekanec wins face-off versus Brett Mclean in neutral zone.
14:37 of 1st period - Shot by Tomas Plekanec.
14:37 of 1st period - Goal by Tomas Plekanec - Avalanche : 1 - Canucks : 4.
14:38 of 1st period - Alexei Kovalev wins face-off versus Jeff Taffe in neutral zone.
14:38 of 1st period - Alexei Kovalev is hit by Keith Tkachuk.
14:41 of 1st period - Tomas Plekanec is hit by Patrick O'Sullivan and loses puck.
14:49 of 1st period - Kevin Bieksa and Keith Tkachuk fight to a draw.
14:49 of 1st period - Penalty to Kevin Bieksa for Fighting.
14:49 of 1st period - Penalty to Keith Tkachuk for Fighting.
14:50 of 1st period - Radek Bonk wins face-off versus Brett Mclean in Avalanche zone.
14:51 of 1st period - Shot by Pierre-Marc Bouchard.
14:51 of 1st period - Shot Misses the Net.
14:59 of 1st period - Pierre-Marc Bouchard is hit by Brett Mclean and loses puck.
15:01 of 1st period - Minor Penalty to Sergei Fedorov for Tripping.
15:02 of 1st period - Radek Bonk wins face-off versus Gary Roberts in Canucks zone.
15:32 of 1st period - Shot by Dustin Penner.
15:32 of 1st period - Shot Misses the Net.
15:43 of 1st period - Shot by Alexei Zhitnik.
15:43 of 1st period - Stopped by Evgeni Nabokov without a rebound.
15:44 of 1st period - Radek Bonk wins face-off versus Derek Armstrong in Canucks zone.
15:59 of 1st period - Shot by Gary Roberts.
15:59 of 1st period - Shot Blocked by Anders Eriksson.
16:19 of 1st period - Shot by Derek Armstrong.
16:19 of 1st period - Goal by Derek Armstrong - Avalanche : 2 - Canucks : 4.
16:20 of 1st period - Steve Rucchin wins face-off versus Martin Rucinsky in neutral zone.
17:12 of 1st period - Alexei Kovalev is hit by Joffrey Lupul and loses puck.
17:16 of 1st period - Icing by Karlis Skrastins.
17:17 of 1st period - Brett Mclean wins face-off versus Radek Bonk in Avalanche zone.
17:17 of 1st period - Brett Mclean is hit by Anders Eriksson.
19:03 of 1st period - Shot by Brandon Bochenski.
19:03 of 1st period - Shot Blocked by Brent Burns.
19:36 of 1st period - Icing by Martin Skoula.
19:37 of 1st period - Tomas Plekanec wins face-off versus Vyacheslav Kozlov in Canucks zone.

Period #2

0:01 of 2nd period - Tomas Plekanec wins face-off versus Vyacheslav Kozlov in neutral zone.
0:01 of 2nd period - Alexei Kovalev is hit by Dustin Penner and loses puck.
0:11 of 2nd period - Minor Penalty to Keith Tkachuk for Hooking.
0:12 of 2nd period - Steve Rucchin wins face-off versus Gary Roberts in Avalanche zone.
0:32 of 2nd period - Shot by Sergei Fedorov.
0:32 of 2nd period - Stopped by Jaroslav Halak without a rebound.
0:33 of 2nd period - Tomas Plekanec wins face-off versus Vyacheslav Kozlov in Avalanche zone.
0:49 of 2nd period - Icing by Taylor Pyatt.
0:50 of 2nd period - Tomas Plekanec wins face-off versus Vyacheslav Kozlov in Canucks zone.
1:12 of 2nd period - Ken Klee is hit by Alexei Kovalev and loses puck.
1:44 of 2nd period - Minor Penalty to Keith Ballard for Boarding.
1:45 of 2nd period - Steve Rucchin wins face-off versus Dustin Penner in Avalanche zone.
1:54 of 2nd period - Shot by Sergei Fedorov.
1:54 of 2nd period - Stopped by Jaroslav Halak with a rebound.
1:56 of 2nd period - Shot by Nik Antropov.
1:56 of 2nd period - Stopped by Jaroslav Halak without a rebound.
1:57 of 2nd period - Vyacheslav Kozlov wins face-off versus Steve Rucchin in Avalanche zone.
3:06 of 2nd period - Shot by Taylor Pyatt.
3:06 of 2nd period - Stopped by Jaroslav Halak without a rebound.
3:07 of 2nd period - Tomas Plekanec wins face-off versus Vyacheslav Kozlov in Avalanche zone.
3:36 of 2nd period - Shot by Anders Eriksson.
3:36 of 2nd period - Shot Misses the Net.
3:43 of 2nd period - Icing by Alexei Kovalev.
3:44 of 2nd period - Brett Mclean wins face-off versus Radek Bonk in Canucks zone.
3:50 of 2nd period - Joffrey Lupul is hit by Radek Bonk and loses puck.
5:03 of 2nd period - Minor Penalty to Derek Armstrong for Hooking.
5:04 of 2nd period - Steve Rucchin wins face-off versus Vyacheslav Kozlov in Avalanche zone.
5:40 of 2nd period - Shot by Sergei Fedorov.
5:40 of 2nd period - Stopped by Jaroslav Halak without a rebound.
5:41 of 2nd period - Gary Roberts wins face-off versus Tomas Plekanec in Avalanche zone.
5:41 of 2nd period - Gary Roberts is hit by Taylor Pyatt.
6:41 of 2nd period - Shot by Pierre-Marc Bouchard.
6:41 of 2nd period - Stopped by Jaroslav Halak without a rebound.
6:42 of 2nd period - Steve Rucchin wins face-off versus Gary Roberts in Avalanche zone.
6:49 of 2nd period - Shot by Pierre-Marc Bouchard.
6:49 of 2nd period - Stopped by Jaroslav Halak without a rebound.
6:50 of 2nd period - Gary Roberts wins face-off versus Steve Rucchin in Avalanche zone.
6:59 of 2nd period - Shot by Sergei Fedorov.
6:59 of 2nd period - Shot Misses the Net.
8:40 of 2nd period - Off-side.
8:41 of 2nd period - Radek Bonk wins face-off versus Keith Tkachuk in neutral zone.
8:53 of 2nd period - Shot by Jeff Taffe.
8:53 of 2nd period - Stopped by Evgeni Nabokov without a rebound.
8:54 of 2nd period - Keith Tkachuk wins face-off versus Radek Bonk in Canucks zone.
9:17 of 2nd period - Shot by Keith Tkachuk.
9:17 of 2nd period - Shot Misses the Net.
9:21 of 2nd period - Shot by Vyacheslav Kozlov.
9:21 of 2nd period - Shot Blocked by Anders Eriksson.
9:25 of 2nd period - Shot by Dustin Penner.
9:25 of 2nd period - Shot Blocked by Sergei Fedorov.
9:27 of 2nd period - Shot by Keith Tkachuk.
9:27 of 2nd period - Shot Blocked by Sergei Fedorov.
9:29 of 2nd period - Shot by Vyacheslav Kozlov.
9:29 of 2nd period - Stopped by Evgeni Nabokov without a rebound.
9:30 of 2nd period - Derek Armstrong wins face-off versus Tomas Plekanec in Canucks zone.
9:50 of 2nd period - Off-side.
9:51 of 2nd period - Brett Mclean wins face-off versus Steve Rucchin in neutral zone.
10:00 of 2nd period - Shot by Martin Rucinsky.
10:00 of 2nd period - Stopped by Evgeni Nabokov without a rebound.
10:01 of 2nd period - Keith Tkachuk wins face-off versus Tomas Plekanec in Canucks zone.
11:00 of 2nd period - Shot by Gary Roberts.
11:00 of 2nd period - Stopped by Evgeni Nabokov with a rebound.
11:06 of 2nd period - Shot by Gary Roberts.
11:06 of 2nd period - Shot Misses the Net.
11:08 of 2nd period - Shot by Gary Roberts.
11:08 of 2nd period - Stopped by Evgeni Nabokov without a rebound.
11:09 of 2nd period - Brett Mclean wins face-off versus Radek Bonk in Canucks zone.
11:27 of 2nd period - Icing by Karlis Skrastins.
11:28 of 2nd period - Brett Mclean wins face-off versus Steve Rucchin in Avalanche zone.
11:35 of 2nd period - Shot by Joffrey Lupul.
11:35 of 2nd period - Stopped by Evgeni Nabokov with a rebound.
11:37 of 2nd period - Shot by Brett Mclean.
11:37 of 2nd period - Shot Blocked by Brad Richardson.
11:41 of 2nd period - Shot by Brett Mclean.
11:41 of 2nd period - Shot Misses the Net.
11:47 of 2nd period - Shot by Brett Mclean.
11:47 of 2nd period - Shot Blocked by Steve Rucchin.
11:51 of 2nd period - Shot by Brett Mclean.
11:51 of 2nd period - Shot Blocked by Brad Richardson.
11:53 of 2nd period - Shot by Karlis Skrastins.
11:53 of 2nd period - Stopped by Evgeni Nabokov without a rebound.
11:54 of 2nd period - Derek Armstrong wins face-off versus Radek Bonk in Canucks zone.
12:11 of 2nd period - Shot by Brandon Bochenski.
12:11 of 2nd period - Stopped by Evgeni Nabokov without a rebound.
12:12 of 2nd period - Keith Tkachuk wins face-off versus Tomas Plekanec in Canucks zone.
12:13 of 2nd period - Shot by Dustin Penner.
12:13 of 2nd period - Shot Misses the Net.
12:38 of 2nd period - Icing by Nik Antropov.
12:39 of 2nd period - Tomas Plekanec wins face-off versus Brandon Bochenski in Canucks zone.
12:49 of 2nd period - Tomas Plekanec is hit by Brandon Bochenski and loses puck.
12:53 of 2nd period - Icing by Derek Armstrong.
12:54 of 2nd period - Radek Bonk wins face-off versus Derek Armstrong in Avalanche zone.
12:54 of 2nd period - Pierre-Marc Bouchard is hit by Brandon Bochenski and loses puck.
13:07 of 2nd period - Shot by Gary Roberts.
13:07 of 2nd period - Shot Misses the Net.
13:09 of 2nd period - Shot by Gary Roberts.
13:09 of 2nd period - Stopped by Evgeni Nabokov without a rebound.
13:10 of 2nd period - Jon Sim wins face-off versus Brett Mclean in Canucks zone.
13:15 of 2nd period - Ossi Vaananen is hit by Jon Sim and loses puck.
13:34 of 2nd period - Shot by Joffrey Lupul.
13:34 of 2nd period - Deflect By Brett Mclean.
13:34 of 2nd period - Stopped by Evgeni Nabokov without a rebound.
13:35 of 2nd period - Keith Tkachuk wins face-off versus Steve Rucchin in Canucks zone.
14:07 of 2nd period - Icing by Brad Richardson.
14:08 of 2nd period - Steve Rucchin wins face-off versus Derek Armstrong in Canucks zone.
14:16 of 2nd period - Sergei Fedorov is hit by Derek Armstrong and loses puck.
14:30 of 2nd period - Shot by Keith Ballard.
14:30 of 2nd period - Shot Misses the Net.
14:32 of 2nd period - Shot by Ken Klee.
14:32 of 2nd period - Shot Misses the Net.
14:34 of 2nd period - Shot by Gary Roberts.
14:34 of 2nd period - Stopped by Evgeni Nabokov with a rebound.
14:38 of 2nd period - Shot by Brandon Bochenski.
14:38 of 2nd period - Shot Blocked by Martin Skoula.
14:42 of 2nd period - Shot by Gary Roberts.
14:42 of 2nd period - Goal by Gary Roberts - Avalanche : 3 - Canucks : 4.
14:43 of 2nd period - Pierre-Marc Bouchard wins face-off versus Brett Mclean in neutral zone.
14:43 of 2nd period - Pierre-Marc Bouchard is hit by Brett Mclean.
14:46 of 2nd period - Minor Penalty to Ossi Vaananen for Hooking.
14:47 of 2nd period - Tomas Plekanec wins face-off versus Vyacheslav Kozlov in Avalanche zone.
14:49 of 2nd period - Alexei Kovalev is hit by Vyacheslav Kozlov and loses puck.
15:04 of 2nd period - Shot by Alexei Kovalev.
15:04 of 2nd period - Stopped by Jaroslav Halak with a rebound.
15:06 of 2nd period - Shot by Brent Burns.
15:06 of 2nd period - Shot Misses the Net.
15:08 of 2nd period - Shot by Brent Burns.
15:08 of 2nd period - Stopped by Jaroslav Halak without a rebound.
15:09 of 2nd period - Steve Rucchin wins face-off versus Gary Roberts in Avalanche zone.
15:40 of 2nd period - Shot by Sergei Fedorov.
15:40 of 2nd period - Goal by Sergei Fedorov - Avalanche : 3 - Canucks : 5.
15:41 of 2nd period - Radek Bonk wins face-off versus Brett Mclean in neutral zone.
15:44 of 2nd period - Shot by Jon Sim.
15:44 of 2nd period - Shot Hit the Post.
15:48 of 2nd period - Shot by Radek Bonk.
15:48 of 2nd period - Shot Misses the Net.
15:50 of 2nd period - Shot by Petr Kalus.
15:50 of 2nd period - Stopped by Jaroslav Halak with a rebound.
15:52 of 2nd period - Shot by Jon Sim.
15:52 of 2nd period - Stopped by Jaroslav Halak without a rebound.
15:53 of 2nd period - Radek Bonk wins face-off versus Patrick O'Sullivan in Avalanche zone.
16:02 of 2nd period - Shot by Keith Tkachuk.
16:02 of 2nd period - Shot Misses the Net.
16:13 of 2nd period - Shot by Jeff Taffe.
16:13 of 2nd period - Stopped by Evgeni Nabokov without a rebound.
16:14 of 2nd period - Derek Armstrong wins face-off versus Tomas Plekanec in Canucks zone.
16:14 of 2nd period - Derek Armstrong is hit by Tomas Plekanec.
16:17 of 2nd period - Brandon Bochenski is hit by Alexei Kovalev and loses puck.
16:29 of 2nd period - Alexei Kovalev is hit by Gary Roberts and loses puck.
16:41 of 2nd period - Brandon Bochenski is hit by Alexei Kovalev and loses puck.
16:44 of 2nd period - Shot by Derek Armstrong.
16:44 of 2nd period - Stopped by Evgeni Nabokov with a rebound.
16:49 of 2nd period - Gary Roberts is hit by Alexei Kovalev and loses puck.
16:56 of 2nd period - Shot by Brandon Bochenski.
16:56 of 2nd period - Stopped by Evgeni Nabokov without a rebound.
16:57 of 2nd period - Brett Mclean wins face-off versus Pierre-Marc Bouchard in Canucks zone.
17:03 of 2nd period - Martin Rucinsky is hit by Anders Eriksson and loses puck.
17:13 of 2nd period - Shot by Brett Mclean.
17:13 of 2nd period - Stopped by Evgeni Nabokov with a rebound.
17:15 of 2nd period - Shot by Karlis Skrastins.
17:15 of 2nd period - Stopped by Evgeni Nabokov with a rebound.
17:17 of 2nd period - Shot by Ossi Vaananen.
17:17 of 2nd period - Stopped by Evgeni Nabokov without a rebound.
17:18 of 2nd period - Keith Tkachuk wins face-off versus Petr Kalus in Canucks zone.
17:25 of 2nd period - Shot by Dustin Penner.
17:25 of 2nd period - Shot Misses the Net.
17:48 of 2nd period - Shot by Jon Sim.
17:48 of 2nd period - Shot Blocked by Alexei Zhitnik.
17:57 of 2nd period - Jon Sim is hit by Dustin Penner and loses puck.
17:58 of 2nd period - Minor Penalty to Keith Tkachuk for Roughing.
17:59 of 2nd period - Steve Rucchin wins face-off versus Gary Roberts in Avalanche zone.
18:26 of 2nd period - Shot by Pierre-Marc Bouchard.
18:26 of 2nd period - Shot Blocked by Martin Rucinsky.
18:28 of 2nd period - Shot by Sergei Fedorov.
18:28 of 2nd period - Goal by Sergei Fedorov - Avalanche : 3 - Canucks : 6.
18:28 of 2nd period - Martin Biron enters game.
18:29 of 2nd period - Brett Mclean wins face-off versus Tomas Plekanec in neutral zone.
18:49 of 2nd period - Shot by Joffrey Lupul.
18:49 of 2nd period - Stopped by Evgeni Nabokov without a rebound.
18:50 of 2nd period - Keith Tkachuk wins face-off versus Radek Bonk in Canucks zone.
18:56 of 2nd period - Keith Tkachuk is hit by Sergei Fedorov and loses puck.
19:14 of 2nd period - Shot by Keith Tkachuk.
19:14 of 2nd period - Goal by Keith Tkachuk - Avalanche : 4 - Canucks : 6.
19:15 of 2nd period - Radek Bonk wins face-off versus Derek Armstrong in neutral zone.

Period #3

0:01 of 3rd period - Keith Tkachuk wins face-off versus Tomas Plekanec in neutral zone.
0:14 of 3rd period - Shot by Dustin Penner.
0:14 of 3rd period - Stopped by Evgeni Nabokov without a rebound.
0:15 of 3rd period - Radek Bonk wins face-off versus Derek Armstrong in Canucks zone.
0:15 of 3rd period - Radek Bonk is hit by Gary Roberts.
0:32 of 3rd period - Shot by Derek Armstrong.
0:32 of 3rd period - Shot Misses the Net.
0:40 of 3rd period - Shot by Brandon Bochenski.
0:40 of 3rd period - Stopped by Evgeni Nabokov without a rebound.
0:40 of 3rd period - Minor Penalty to Evgeni Nabokov for Slashing.
0:41 of 3rd period - Steve Rucchin wins face-off versus Vyacheslav Kozlov in Canucks zone.
0:41 of 3rd period - Steve Rucchin is hit by Dustin Penner.
1:06 of 3rd period - Shot by Vyacheslav Kozlov.
1:06 of 3rd period - Shot Hit the Post.
2:15 of 3rd period - Shot by Brandon Bochenski.
2:15 of 3rd period - Deflect By Gary Roberts.
2:15 of 3rd period - Stopped by Evgeni Nabokov without a rebound.
2:16 of 3rd period - Radek Bonk wins face-off versus Vyacheslav Kozlov in Canucks zone.
3:02 of 3rd period - Icing by Kevin Bieksa.
3:03 of 3rd period - Derek Armstrong wins face-off versus Tomas Plekanec in Canucks zone.
3:04 of 3rd period - Shot by Gary Roberts.
3:04 of 3rd period - Shot Blocked by Brent Burns.
3:08 of 3rd period - Shot by Brandon Bochenski.
3:08 of 3rd period - Stopped by Evgeni Nabokov without a rebound.
3:09 of 3rd period - Radek Bonk wins face-off versus Keith Tkachuk in Canucks zone.
3:34 of 3rd period - Shot by Keith Tkachuk.
3:34 of 3rd period - Shot Misses the Net.
3:38 of 3rd period - Shot by Keith Tkachuk.
3:38 of 3rd period - Shot Misses the Net.
4:05 of 3rd period - Tomas Plekanec is hit by Ken Klee and loses puck.
4:18 of 3rd period - Shot by Brandon Bochenski.
4:18 of 3rd period - Shot Misses the Net.
4:22 of 3rd period - Shot by Keith Ballard.
4:22 of 3rd period - Shot Blocked by Nik Antropov.
4:26 of 3rd period - Shot by Derek Armstrong.
4:26 of 3rd period - Shot Blocked by Brent Burns.
4:52 of 3rd period - Double Minor Penalty to Martin Rucinsky for Roughing.
4:53 of 3rd period - Steve Rucchin wins face-off versus Vyacheslav Kozlov in Canucks zone.
5:18 of 3rd period - Shot by Sergei Fedorov.
5:18 of 3rd period - Shot Misses the Net.
5:20 of 3rd period - Shot by Martin Skoula.
5:20 of 3rd period - Deflect By Pierre-Marc Bouchard.
5:20 of 3rd period - Shot Misses the Net.
5:24 of 3rd period - Shot by Taylor Pyatt.
5:24 of 3rd period - Shot Misses the Net.
5:58 of 3rd period - Shot by Tomas Plekanec.
5:58 of 3rd period - Stopped by Martin Biron without a rebound.
5:59 of 3rd period - Steve Rucchin wins face-off versus Gary Roberts in Avalanche zone.
6:06 of 3rd period - Shot by Pierre-Marc Bouchard.
6:06 of 3rd period - Shot Blocked by Ken Klee.
6:08 of 3rd period - Shot by Steve Rucchin.
6:08 of 3rd period - Stopped by Martin Biron with a rebound.
6:12 of 3rd period - Shot by Sergei Fedorov.
6:12 of 3rd period - Shot Blocked by Ken Klee.
6:14 of 3rd period - Shot by Steve Rucchin.
6:14 of 3rd period - Shot Misses the Net.
6:16 of 3rd period - Shot by Sergei Fedorov.
6:16 of 3rd period - Goal by Sergei Fedorov - Avalanche : 4 - Canucks : 7.
6:17 of 3rd period - Brett Mclean wins face-off versus Tomas Plekanec in neutral zone.
6:40 of 3rd period - Shot by Alexei Kovalev.
6:40 of 3rd period - Shot Blocked by Keith Ballard.
6:42 of 3rd period - Shot by Tomas Plekanec.
6:42 of 3rd period - Shot Misses the Net.
7:15 of 3rd period - Sergei Fedorov is hit by Derek Armstrong and loses puck.
7:20 of 3rd period - Shot by Sergei Fedorov.
7:20 of 3rd period - Stopped by Martin Biron without a rebound.
7:21 of 3rd period - Keith Tkachuk wins face-off versus Jason Williams in Avalanche zone.
7:58 of 3rd period - Icing by Martin Skoula.
7:59 of 3rd period - Jason Williams wins face-off versus Vyacheslav Kozlov in Canucks zone.
8:29 of 3rd period - Shot by Radek Bonk.
8:29 of 3rd period - Stopped by Martin Biron with a rebound.
8:31 of 3rd period - Shot by Taylor Pyatt.
8:31 of 3rd period - Deflect By Pierre-Marc Bouchard.
8:31 of 3rd period - Stopped by Martin Biron without a rebound.
8:32 of 3rd period - Jon Sim wins face-off versus Martin Rucinsky in Avalanche zone.
8:49 of 3rd period - Shot by Jon Sim.
8:49 of 3rd period - Deflect By Radek Bonk.
8:49 of 3rd period - Stopped by Martin Biron with a rebound.
9:44 of 3rd period - Minor Penalty to Keith Tkachuk for Roughing.
9:45 of 3rd period - Tomas Plekanec wins face-off versus Gary Roberts in neutral zone.
10:13 of 3rd period - Shot by Alexei Kovalev.
10:13 of 3rd period - Deflect By Tomas Plekanec.
10:13 of 3rd period - Stopped by Martin Biron without a rebound.
10:14 of 3rd period - Tomas Plekanec wins face-off versus Gary Roberts in Avalanche zone.
10:38 of 3rd period - Shot by Martin Rucinsky.
10:38 of 3rd period - Shot Blocked by Alexei Kovalev.
10:40 of 3rd period - Shot by Gary Roberts.
10:40 of 3rd period - Shot Misses the Net.
10:42 of 3rd period - Shot by Gary Roberts.
10:42 of 3rd period - Shot Misses the Net.
10:50 of 3rd period - Minor Penalty to Alexei Kovalev for Holding.
10:51 of 3rd period - Pierre-Marc Bouchard wins face-off versus Vyacheslav Kozlov in Canucks zone.
12:09 of 3rd period - Minor Penalty to Martin Skoula for Tripping.
12:10 of 3rd period - Radek Bonk wins face-off versus Vyacheslav Kozlov in Canucks zone.
12:16 of 3rd period - Icing by Keith Tkachuk.
12:17 of 3rd period - Keith Tkachuk wins face-off versus Radek Bonk in Avalanche zone.
13:13 of 3rd period - Shot by Keith Ballard.
13:13 of 3rd period - Shot Misses the Net.
13:16 of 3rd period - Gary Roberts is hit by Willie Mitchell and loses puck.
13:26 of 3rd period - Icing by Derek Armstrong.
13:27 of 3rd period - Brandon Bochenski wins face-off versus Steve Rucchin in Avalanche zone.
13:27 of 3rd period - Brandon Bochenski is hit by Sergei Fedorov.
14:57 of 3rd period - Petr Kalus is hit by Keith Tkachuk and loses puck.
15:12 of 3rd period - Shot by Patrick O'Sullivan.
15:12 of 3rd period - Deflect By Keith Tkachuk.
15:12 of 3rd period - Shot Blocked by Anders Eriksson.
15:14 of 3rd period - Shot by Brett Lebda.
15:14 of 3rd period - Shot Blocked by Kevin Bieksa.
15:24 of 3rd period - Shot by Keith Tkachuk.
15:24 of 3rd period - Stopped by Evgeni Nabokov without a rebound.
15:25 of 3rd period - Derek Armstrong wins face-off versus Brad Richardson in Canucks zone.
16:25 of 3rd period - Shot by Nik Antropov.
16:25 of 3rd period - Stopped by Martin Biron without a rebound.
16:26 of 3rd period - Keith Tkachuk wins face-off versus Tomas Plekanec in Avalanche zone.
16:35 of 3rd period - Shot by Dustin Penner.
16:35 of 3rd period - Deflect By Vyacheslav Kozlov.
16:35 of 3rd period - Shot Blocked by Anders Eriksson.
16:50 of 3rd period - Minor Penalty to Jaroslav Spacek for Hooking.
16:51 of 3rd period - Tomas Plekanec wins face-off versus Gary Roberts in neutral zone.
17:39 of 3rd period - Icing by Sergei Fedorov.
17:40 of 3rd period - Vyacheslav Kozlov wins face-off versus Steve Rucchin in Canucks zone.
17:40 of 3rd period - Keith Tkachuk is hit by Nik Antropov and loses puck.
19:06 of 3rd period - Minor Penalty to Willie Mitchell for Hooking.
19:07 of 3rd period - Radek Bonk wins face-off versus Derek Armstrong in Canucks zone.
19:07 of 3rd period - Radek Bonk is hit by Derek Armstrong.
19:14 of 3rd period - Icing by Gary Roberts.
19:15 of 3rd period - Derek Armstrong wins face-off versus Radek Bonk in Avalanche zone.
19:40 of 3rd period - Shot by Keith Ballard.
19:40 of 3rd period - Shot Blocked by Richard Park.
19:42 of 3rd period - Shot by Ken Klee.
19:42 of 3rd period - Shot Misses the Net.
19:58 of 3rd period - Shot by Vyacheslav Kozlov.
19:58 of 3rd period - Stopped by Evgeni Nabokov without a rebound.
19:59 of 3rd period - Steve Rucchin wins face-off versus Keith Tkachuk in Canucks zone.


Output by the SimonT Hockey Simulator (STHS) for Stephane Roy -- Original Page W3C XHTML 1.0 Valid